 Dungeon Crawl Stone Soup version 0.23.2-40-g277498a001 (webtiles) character file.

Game seed: 7714881056383511165

171 FishyPogo the Sneak (level 5, -1/24 HPs)
             Began as a Spriggan Venom Mage on Aug 23, 2019.
             Slain by Grinder (10 damage)
             ... on level 3 of the Dungeon.
             The game lasted 00:10:02 (2849 turns).

FishyPogo the Sneak (Spriggan Venom Mage)           Turns: 2849, Time: 00:10:02

Health: -1/24      AC:  2    Str:  4    XL:     5   Next: 26%
Magic:  14/20      EV: 19    Int: 18    God:
Gold:   154        SH:  0    Dex: 16    Spells: 1/11 levels left

rFire    . . .     SeeInvis +   a - +0 dagger
rCold    . . .     Gourm    .   (shield restricted)
rNeg     . . .     Faith    .   n - +0 animal skin
rPois    .         Spirit   .   (helmet restricted)
rElec    .         Reflect  .   (no cloak)
rCorr    .         Harm     .   (gloves unavailable)
MR       .....                  (boots unavailable)
Stlth    +++.......             (no amulet)
HPRegen  0.08/turn              b - ring of magical power
MPRegen  0.17/turn              (no ring)

@: very quick
A: very small, unfitting armour, see invisible, herbivore, speed 3, slow
metabolism 2
a: no special abilities


You were on level 3 of the Dungeon.
You were very hungry.

You visited 1 branch of the dungeon, and saw 3 of its levels.

You collected 154 gold pieces.

Inventory:

Hand Weapons
 a - a +0 dagger (weapon)
Missiles
 k - 2 throwing nets (quivered)
Armour
 n - a +0 animal skin (worn)
Jewellery
 b - a ring of magical power (left hand)
Scrolls
 d - 3 scrolls of teleportation {unknown}
 f - 4 scrolls of remove curse
 g - 3 scrolls of identify {unknown}
 h - a scroll of fog {unknown}
 j - 2 scrolls of blinking {unknown}
 m - a scroll of enchant armour {unknown}
Potions
 e - a potion of heal wounds
 l - 2 potions of degeneration {unknown}
 o - a potion of cancellation {unknown}
Comestibles
 c - 2 rations


   Skills:
 * Level 0.9 Short Blades
 + Level 4.2 Dodging
 + Level 4.7 Stealth
 + Level 3.7 Spellcasting
 - Level 1.0 Conjurations
 * Level 4.3 Poison Magic


You had one spell level left.
You knew the following spells:

 Your Spells              Type           Power        Failure   Level  Hunger
a - Sting                 Conj/Pois      ##..         4%          1    None
b - Poisonous Vapours     Pois/Air       ##....       10%         2    ##.....
c - Mephitic Cloud        Conj/Pois/Air  #.......     22%         3    ###....
d - Olgreb's Toxic Radia  Pois           ###.....     26%         4    ####...

Your spell library contained the following spells:

 Spells                   Type           Power        Failure   Level  Hunger
 Venom Bolt               Conj/Pois      ##........   80%         5    ######.


Dungeon Overview and Level Annotations

Branches:
Dungeon (3/15)

Altars:
Cheibriados
Kikubaaqudgha
Nemelex Xobeh
Wu Jian

Annotations:
D:3 Grinder


Innate Abilities, Weirdness & Mutations

You are very small and have problems with some larger weapons.
You are too small for most types of armour.
You have supernaturally acute eyesight. (SInv)
You are a herbivore.
You cover ground extremely quickly.
You need to consume almost no food.


Message History

Press: ? - help, Shift-Dir - straight line, f/p - Grinder
Aim: Grinder (moderately wounded)
The sting hits Grinder.
Grinder is moderately wounded.
Grinder hits you.
You writhe in agony.
Casting: Sting (safe; 4% risk of failure)
Confirm with . or Enter, or press ? or * to list all spells.
Aiming: Sting (safe; 4% risk of failure)
Press: ? - help, Shift-Dir - straight line, f/p - Grinder
Aim: Grinder (moderately wounded)
The sting hits Grinder.
Grinder completely resists.
Grinder is moderately wounded.
Grinder gestures at you. Pain shoots through your body!
You hit Grinder but do no damage.
Grinder is moderately wounded.
Grinder hits you.
You writhe in agony.
* * * LOW HITPOINT WARNING * * *
You feel better. Grinder hits you!
You die...

#.##........<.###..# #...#
#.############.#.#.#
.......## #.# ##.##.#
..###### #.# #.##.#
#.#############.##.##
#............##.#...####..##
........####.#..............
.#.............5#...#######.
...###.#####....@..........#
#### #.#
###.###........###.### #.#
#)# #########.#.)... #.# #.#
##### #.# #.# #.# #.# #.#
#.# #.# #.# #.# #.#


You could see Grinder.

Vanquished Creatures
  A howler monkey zombie (D:3)
  Robin (D:2)
  7 gnolls
  2 worms (D:2)
  A dart slug (D:1)
  2 leopard geckos
  3 orcs (D:3)
  A ball python (D:3)
  6 bats
  3 giant cockroaches
  16 goblins
  8 hobgoblins
  2 jackals (D:1)
  2 kobolds (D:1)
  A quokka (D:2)
  6 frilled lizards
  5 rats
67 creatures vanquished.

Notes
Turn   | Place    | Note
-------+----------+-------------------------------------------
     0 | D:1      | FishyPogo the Spriggan Venom Mage began the quest for the
                  | Orb.
     0 | D:1      | Reached XP level 1. HP: 9/9 MP: 5/5
   202 | D:1      | Reached skill level 1 in Conjurations
   202 | D:1      | Reached XP level 2. HP: 13/13 MP: 6/6
   206 | D:1      | Learned a level 2 spell: Poisonous Vapours
   856 | D:2      | Reached XP level 3. HP: 16/16 MP: 8/8
  1105 | D:2      | Noticed Robin
  1122 | D:2      | Killed Robin
  1388 | D:2      | Reached XP level 4. HP: 21/21 MP: 9/9
  1547 | D:2      | Learned a level 4 spell: Olgreb's Toxic Radiance
  1818 | D:2      | Found an ancient bone altar of Kikubaaqudgha.
  2139 | D:3      | Learned a level 3 spell: Mephitic Cloud
  2331 | D:3      | Found an ornate altar of the Wu Jian Council.
  2365 | D:3      | Found a sparkling altar of Nemelex Xobeh.
  2367 | D:3      | Noticed Grinder
  2369 | D:3      | Found a snail-covered altar of Cheibriados.
  2458 | D:3      | Reached XP level 5. HP: 18/24 MP: 9/11
  2849 | D:3      | Slain by Grinder

Skill      XL: |  1  2  3  4 |
---------------+-------------+-----
Conjurations   | 1 |  1.0
Spellcasting   | 3 |  3.7
Stealth        | 4 |  4.7
Poison Magic   | 4 |  4.3
Dodging        | 4 |  4.2
Short Blades   | |  0.9

Action                   |  1- 3 |  4- 6 || total
-------------------------+-------+-------++-------
Melee: Unarmed           |    20 |       ||    20
       Spear             |     2 |    20 ||    22
       Dagger            |       |    16 ||    16
 Cast: Sting             |    59 |    47 ||   106
       Poisonous Vapours |    24 |    11 ||    35
  Use: Scroll            |       |     1 ||     1
       Potion            |       |     3 ||     3
 Stab: Sleeping          |       |     1 ||     1
Armor: Robe              |     2 |       ||     2
       Animal skin       |       |     2 ||     2
Dodge: Dodged            |    18 |    27 ||    45
